 Seeded DCSS version 0.29-a0-451-gfbfa42419e (webtiles) character file.

Game seed: 20220519 (custom seed)

499 bwicke the Cutter (level 7, 0/35 HPs)
             Began as a Vine Stalker Fighter on May 19, 2022.
             Succumbed to Ijyb's poison
             ... on level 4 of the Dungeon.
             The game lasted 00:15:13 (3521 turns).

bwicke the Cutter (Vine Stalker Fighter)            Turns: 3521, Time: 00:15:13

Health: 0/35       AC: 14    Str: 17 (18) XL:     7   Next: 16%
Magic:  0/8        EV:  6    Int:  6 (8)  God:
Gold:   152        SH:  5    Dex: 13 (16) Spells: 6/6 levels left

rFire   . . .      SeeInvis .   d - +5 dagger (vamp)
rCold   . . .      Faith    .   c - +0 buckler
rNeg    . . .      Spirit   +   m - +3 chain mail
rPois   .          Reflect  .   (no helmet)
rElec   .          Harm     .   p - +0 cloak
rCorr   .          Rampage  .   (no gloves)
Will    .....                   e - +0 pair of boots
Stlth   ..........              (no amulet)
HPRegen 0.91/turn               j - ring of flight
MPRegen 0.11/turn               (no ring)

@: lethally poisoned (0 -> -7), flying
A: fangs 2, regeneration 1, magic shield, antimagic bite, no potion heal 2
a: no special abilities


You were on level 4 of the Dungeon.
You visited 1 branch of the dungeon, and saw 4 of its levels.

You collected 152 gold pieces.

Inventory:

Hand Weapons
 a - a +0 rapier
 d - a +5 vampiric dagger (weapon)
 g - a +0 trident
 h - a +0 vampiric short sword
 l - a +3 mace
 q - a +0 hunting sling
 r - a +0 morningstar
 s - a +0 trident
 u - a +0 scimitar
Missiles
 B - 4 poisoned darts (quivered)
Armour
 b - a +0 scale mail
 c - a +0 buckler (worn)
 e - a +0 pair of boots (worn)
 m - a +3 chain mail (worn)
 p - a +0 cloak (worn)
 y - a +1 leather armour of cold resistance
Jewellery
 j - a ring of flight (left hand)
Scrolls
 n - a scroll of teleportation
 o - a scroll of fear {unknown}
 v - a scroll of amnesia {unknown}
 w - a scroll of vulnerability {unknown}
 z - a scroll of magic mapping {unknown}
 A - a scroll of enchant armour {unknown}
Potions
 f - 2 potions of flight
 i - a potion of haste
 k - a potion of cancellation


   Skills:
 - Level 2.6 Fighting
 - Level 5.5 Short Blades
 - Level 2.4 Armour
 + Level 4.8 Shields


You had 6 spell levels left.
You didn't know any spells.
Your spell library contained the following spells:

 Spells                   Type           Power      Damage    Failure   Level
 Necrotize                Necr           0%         1d4       100%        1
 Vampiric Draining        Necr           0%         2d6       100%        3
 Agony                    Necr           0%         N/A       100%        5


Dungeon Overview and Level Annotations

Branches:
Dungeon (4/15)
 Temple: D:4-7

Altars:

Annotations:
D:4 Ijyb


Innate Abilities, Weirdness & Mutations

You have extremely sharp teeth.
Your natural rate of healing is unusually fast.
When hurt, damage is shared between your health and your magic reserves.
Your bite disrupts and absorbs the magic of your enemies.
Potions cannot restore your health.


Message History

Press: ? - help, Shift-Dir - straight line, f/p - Ijyb
Aim: Ijyb, wielding a +1 dagger of venom, wearing a +2 chain mail of fire resistance and carrying a wand of acid (9) (lightly wounded, 60% to hit)
You throw a poisoned dart. The poisoned dart barely misses Ijyb.
Okay, then.
Okay, then.
Unknown command.
Okay, then.
You aren't carrying any items that you can evoke.
You hit Ijyb.
You feel better.
You bite Ijyb, but do no damage.
Ijyb is moderately wounded.
Ijyb zaps a wand.
The bolt of acid misses you.
You hit Ijyb but do no damage. You bite Ijyb. You drain her power.
Ijyb is moderately wounded.
Ijyb hits you but does no damage.
You are poisoned.
You hit Ijyb but do no damage. You bite Ijyb, but do no damage.
Ijyb is moderately wounded.
You feel sick.
Ijyb zaps a wand.
The bolt of acid hits you!!!
Ouch! That really hurt!
* * * LOW HITPOINT WARNING * * *
Unknown command.
You feel yourself speed up.
You feel sick. Ijyb hits you but does no damage.
You are lethally poisoned!
It was a potion of cancellation.
Your magical effects are unravelling.
You feel magically purged.
You feel yourself slow down.
* * * LOW HITPOINT WARNING * * *
You feel sick.
It was a potion of degeneration.
There was something very wrong with that liquid.
You feel weakened.
You feel dopey.
You feel clumsy.
* * * LOW HITPOINT WARNING * * *
You feel sick.
Ijyb screams, "Level is mine!
All mine!"
Ijyb hits you with a +1 dagger of venom.
* * * LOW HITPOINT WARNING * * *
You are more poisoned.
It was a potion of heal wounds.
That seemed strangely inert.
You die...

#### ###... ##.....
###...... # ######.......>
..## #..##.......<.
.....## ####..##.........
.......###...#...........)
#(....Jg@...####.........
###....###....#####......
.......## #.....## ###....
....... #......### ####.
.###... #........## ##
#... #.........# ##..
#.........# ### ...
#.........## #..
#..........# #..


You could see Ijyb and an endoplasm.

Vanquished Creatures
  A phantom (D:4)
  3 orc priests
  A gnoll shaman (D:4)
  Jessica (D:2)
  An orc wizard (D:3)
  An iguana (D:4)
  8 gnolls
  5 adders
  4 dart slugs
  8 orcs
  5 ball pythons
  6 endoplasms
  4 giant cockroaches
  12 hobgoblins
  3 jackals (D:2)
  7 quokkas
  10 bats
  2 frilled lizards
  6 goblins
  8 kobolds
  5 rats
101 creatures vanquished.

Notes
Turn   | Place    | Note
-------+----------+-------------------------------------------
     0 | D:1      | bwicke the Vine Stalker Fighter began the quest for the
                  | Orb.
     0 | D:1      | Reached XP level 1. HP: 11/11 MP: 2/2
    10 | D:1      | Reached skill level 2 in Short Blades
   409 | D:1      | Reached XP level 2. HP: 16/16 MP: 3/3
   597 | D:1      | Found a faded altar of an unknown god.
   753 | D:1      | Reached skill level 3 in Short Blades
   865 | D:1      | Reached XP level 3. HP: 19/19 MP: 4/4
  1177 | D:2      | Reached skill level 4 in Short Blades
  1177 | D:2      | Gained mutation: Your natural rate of healing is unusually
                  | fast. [Vine Stalker growth]
  1177 | D:2      | Reached XP level 4. HP: 17/23 MP: 5/5
  1219 | D:2      | Reached XP level 5. HP: 27/27 MP: 4/6
  1284 | D:2      | Reached skill level 5 in Short Blades
  1301 | D:2      | Noticed Jessica
  1308 | D:2      | Killed Jessica
  2049 | D:3      | Reached XP level 6. HP: 31/32 MP: 7/7
  3269 | D:4      | Reached XP level 7. HP: 29/35 MP: 8/8
  3497 | D:4      | Noticed Ijyb
  3521 | D:4      | Succumbed to Ijyb's poison

Illustrated notes

Levels and vault maps discovered:
D:1:      minmay_arrival_checkered_box, layout_loops_ring,
          basic_ecumenical_altar, roderic_serpentine_path
D:2:      layout_loops_ring, st_stairs_5, uniq_jessica
D:3:      minmay_recursive_quarters, layout_basic, chequers_serial_rivers_room_b
D:4:      layout_cave_pods, kennysheep_nub, uniq_ijyb

Skill      XL: |  1  2  3  4  5  6 |
---------------+-------------------+-----
Short Blades   | 2 3 4 5 |  5.5
Shields        | 4 |  4.8
Fighting       | |  2.6
Armour         | |  2.4

Action                   |  1- 3 |  4- 6 |  7- 9 || total
-------------------------+-------+-------+-------++-------
Melee: Rapier            |    85 |    48 |       ||   133
       Bite              |    16 |    55 |    11 ||    82
       Dagger            |       |   135 |    30 ||   165
Throw: Throwing net      |       |       |     2 ||     2
       Dart              |       |       |     1 ||     1
  Use: Scroll            |       |     7 |       ||     7
       Potion            |       |     2 |     4 ||     6
 Stab: Invisible         |       |     5 |       ||     5
Armor: Scale mail        |    28 |    24 |       ||    52
       Chain mail        |       |    40 |    16 ||    56
Dodge: Dodged            |    40 |    48 |     4 ||    92
Block: Buckler           |    20 |    36 |     5 ||    61

Table legend: (Time is in decaauts)
 A = Elapsed time spent in this place.
 B = Non-inter-level travel time spent in this place.
 C = Inter-level travel time spent in this place.
 D = Time resting spent in this place.
 E = Time spent auto-exploring this place.
 F = Levels seen in this place.
 G = Mean time per level.
                   A        B        C        D        E       F      G
               +--------+--------+--------+--------+--------+-----+--------+
         Total |   3497 |   3316 |    181 |      3 |   2382 |   4 |  874.2 |
       Dungeon |   3497 |   3316 |    181 |      3 |   2382 |   4 |  874.2 |
               +--------+--------+--------+--------+--------+-----+--------+

Top non-repeatable levels by time:
     D:3: 1171 daAuts
     D:1: 1036 daAuts
     D:2: 825 daAuts
     D:4: 465 daAuts
